 Dungeon Crawl Stone Soup version 0.30.1-11-g7821555f0a (webtiles) character file.

Game seed: 17190649495779628418

14710 lonewolfV2 the Demonic Catastrophe (level 11, -12/80 HPs)
             Began as a Demonspawn Fighter on Oct 30, 2023.
             Was an Elder of Qazlal.
             Mangled by a large slime creature (21 damage)
             ... on level 12 of the Dungeon.
             The game lasted 00:22:03 (12316 turns).

lonewolfV2 the Demonic Catastrophe (DsFi)          Turns: 12316, Time: 00:22:04

Health: -12/80     AC: 28    Str: 18    XL:     11   Next: 92%
Magic:  20/20      EV: 10    Int: 10    God:    Qazlal [****..]
Gold:   646        SH: 16    Dex: 21    Spells: 10/10 levels left

rFire   . . .        a - +4 war axe
rCold   . . .        c - +0 buckler
rNeg    + . .        D - +0 plate armour
rPois   +            f - +0 helmet
rElec   .            (no cloak)
rCorr   +            o - +2 pair of gloves {Stlth+}
SInv    .            r - +0 pair of boots
Will    .....        J - amulet of faith Stlth
                     q - ring of Peace {rN+ rCorr}
HPRegen 0.33/turn    n - +6 ring of dexterity
MPRegen 0.17/turn

%: repel missiles, faith
@: no status effects
A: slimy green scales 3, icemail 1, condensation shield, weakness stinger 2
a: Renounce Religion, Upheaval, Elemental Force


You were on level 12 of the Dungeon.
You worshipped Qazlal.
Qazlal was greatly pleased with you.
You visited 2 branches of the dungeon, and saw 13 of its levels.

You collected 646 gold pieces.

Inventory:

Hand Weapons
 a - a +4 war axe (weapon)
Missiles
 G - a throwing net (quivered)
Armour
 c - a +0 buckler (worn)
 f - a +0 helmet (worn)
 i - the +3 hat of Pondering {ponderous, Will+ MP+10 Int+5}
   (You took it off Gastronok on level 9 of the Dungeon)

   Int:       It affects your intelligence (+5).
   MP:        It affects your magic capacity (+10).
   Will:      It increases your willpower.
 o - a +2 pair of gloves of stealth (worn)
 r - a +0 pair of boots (worn)
 D - a +0 plate armour (worn)
Jewellery
 d - an amulet of regeneration
 e - an amulet of reflection
 g - a ring of magical power
 h - a ring of willpower
 n - a +6 ring of dexterity (right hand)
 q - the ring of Peace (left hand) {rN+ rCorr}
   (You found it on level 7 of the Dungeon)

   [ring of resist corrosion]

   rN:        It protects you from negative energy.
   rCorr:     It protects you from acid and corrosion.
 s - a ring of flight
 x - a +6 ring of intelligence
 B - a ring of ice
 J - an amulet of faith (around neck)
 M - a ring of protection from fire
 O - a ring of protection from cold
Wands
 u - a wand of flame (9)
 A - a wand of iceblast (11)
 C - a wand of mindburst (10)
 L - a wand of acid (4)
Scrolls
 b - a scroll of fear
 m - a scroll of blinking
 w - 2 scrolls of poison
 y - a scroll of amnesia
 E - 4 scrolls of teleportation
 F - a scroll of identify
Potions
 j - a potion of invisibility
 k - a potion of haste
 l - 5 potions of brilliance
 p - 3 potions of attraction
 t - 5 potions of degeneration
 v - a potion of might
 z - a potion of lignification
 H - a potion of mutation
 K - 2 potions of magic
 N - 2 potions of curing
Miscellaneous
 I - a phantom mirror


   Skills:
 - Level 5.3 Fighting
 - Level 5.4 Axes
 - Level 8.7 Armour
 + Level 8.3 Dodging
 + Level 8.2 Shields
 - Level 12.6 Invocations


You had 10 spell levels left.
You didn't know any spells.
Your spell library contained the following spells:

 Spells                   Type           Power      Damage    Failure   Level
 Beastly Appendage        Tmut           0%         N/A       100%        1
 Sandblast                Erth           0%         2d4       100%        1
 Sting                    Tmut/Pois      0%         1d3       100%        1
 Ensorcelled Hibernation  Hex/Ice        0%         N/A       100%        2
 Passwall                 Tmut/Erth      0%         N/A       100%        2
 Poisonous Vapours        Pois/Air       0%         N/A       100%        2
 Sublimation of Blood     Necr           0%         N/A       100%        2
 Wereblood                Tmut           0%         N/A       100%        2
 Ignite Poison            Fire/Tmut/Pois 0%         N/A       100%        3
 Inner Flame              Hex/Fire       0%         N/A       100%        3
 Ozocubu's Armour         Ice            0%         N/A       100%        3
 Spider Form              Tmut/Pois      0%         N/A       100%        3
 Stone Arrow              Conj/Erth      0%         3d7       100%        3
 Flame Wave               Conj/Fire      0%         2d4       100%        4
 Olgreb's Toxic Radiance  Pois           0%         N/A       100%        4
 Sticky Flame             Conj/Fire      0%         2d3       100%        4
 Summon Lightning Spire   Summ/Air       0%         N/A       100%        4
 Summon Forest            Summ/Tloc      0%         N/A       100%        5
 Summon Mana Viper        Hex/Summ       0%         N/A       100%        5
 Eringya's Noxious Bog    Tmut/Pois      0%         N/A       100%        6
 Monstrous Menagerie      Summ           0%         N/A       100%        7
 Ozocubu's Refrigeration  Ice            0%         4d7       100%        7
 Summon Hydra             Summ           0%         N/A       100%        7
 Ignition                 Fire           0%         3d3       100%        8


Dungeon Overview and Level Annotations

Branches:
Dungeon (12/15)            Temple (1/1) D:5            Lair (0/5) D:11
    Orc (0/2) D:10

Altars:
Ashenzari
Cheibriados
Dithmenos
Gozag
Hepliaklqana
Kikubaaqudgha
Nemelex Xobeh
Okawaru
Qazlal
Ru
Trog
Wu Jian
Xom
Yredelemnul

Shops:
D:1 ***!*   D:9 ?

Portals:
Bailey: D:8

Annotations:
D:3 3 runed translucent doors, KittyFluff's ghost, amateur GrBe
D:8 3 runed translucent doors, Kranky's ghost, novice GnWn
D:11 2 transporters


Innate Abilities, Weirdness & Mutations

You are completely covered in slimy green scales. (AC +4, rPois)
A meltable icy envelope protects you from harm. (AC +4)
A meltable shield of frost defends you. (SH +4)
You have a tail ending in a sharp stinger.


Message History

The slime creature hits you but does no damage.
The slime creature is engulfed in freezing vapours.
You block the slime creature's attack.
You slash the slime creature!
The slime creature is almost dead.
You hit the slime creature. You hit the large slime creature.
You slash the slime creature!
The large slime creature closely misses you.
The slime creature is engulfed in freezing vapours.
You block the slime creature's attack. x2
The slime creature hits you but does no damage.
You slash the slime creature!
You kill the slime creature!
Qazlal accepts your kill.
You barely miss the large slime creature.
You hit the slime creature. x2; You block the slime creature's attack.
The slime creature hits you but does no damage.
You block the large slime creature's attack.
The slime creature attacks as you move away!
The slime creature barely misses you.
The slime creature is engulfed in blazing flames.
You kill the slime creature!
Qazlal accepts your kill.
There is a stone staircase leading up here.
You slash the slime creature! You tail-slap the slime creature.
The slime creature is severely wounded.
You slash the large slime creature! You block the slime creature's attack.
The large slime creature is engulfed in blazing flames.
The large slime creature hits you!
You hit the slime creature.
The slime creature is almost dead.
You hit the large slime creature.
The large slime creature is engulfed in blazing flames.
The large slime creature hits you!! The slime creature hits you.
* * * LOW HITPOINT WARNING * * *
The slime creature hits you!
* * * LOW HITPOINT WARNING * * *
The large slime creature is engulfed in blazing flames.
The large slime creature hits you!!
You die...

#.. #..#
#...## #....#
#...# ## #.§.#
.# #..J## ..#
##..J@##..#
...#....)....#
......○°§[...#
......####...#
.....# ##..#
..... #.# ....
#.# .... .#
...


You could see a large slime creature and a slime creature.

Vanquished Creatures
  Gastronok (D:9)
  2 two-headed ogres
  A boulder beetle (D:7)
  Joseph (D:8)
  A gargoyle (D:7)
  2 trolls
  A hornet (D:7)
  3 slime creatures
  2 wraiths
  2 shadows
  A spriggan (D:10)
  15 yaks
  A steam dragon (D:8)
  5 vampire mosquitoes
  Menkaure (D:5)
  Edmund (D:5)
  2 acid dragons
  9 water moccasins
  7 orc warriors
  2 ice beasts
  An ogre (D:5)
  2 sky beasts
  3 black bears
  3 centaurs
  A phantom (D:6)
  A kobold brigand (D:7)
  7 bullfrogs
  A gnoll sergeant (D:7)
  4 scorpions
  11 wights
  18 killer bees
  3 howler monkeys
  An electric eel (D:10)
  2 jellies (D:7)
  6 hounds
  6 orc priests
  A gnoll bouda (D:4)
  A sleepcap (D:7)
  4 iguanas
  11 orc wizards
  6 adders
  10 gnolls
  3 shadow imps
  2 white imps (D:7)
  2 ufetubi
  2 worms (D:5)
  2 dart slugs (D:2)
  53 orcs
  7 ball pythons
  3 endoplasms
  2 giant cockroaches (D:4)
  5 goblins
  7 hobgoblins
  2 jackals (D:4)
  9 kobolds
  4 quokkas
  5 bats
  4 frilled lizards
  3 rats
278 creatures vanquished.

Vanquished Creatures (others)
  A deep elf pyromancer (D:7)
1 creature vanquished.

Grand Total: 279 creatures vanquished

Notes
Turn   | Place    | Note
-------+----------+-------------------------------------------
     0 | D:1      | lonewolfV2 the Demonspawn Fighter began the quest for the
                  | Orb.
     0 | D:1      | Reached XP level 1. HP: 18/18 MP: 1/1
   332 | D:1      | Found Koanir's General Store.
   347 | D:1      | Gained mutation: A meltable shield of frost defends you.
                  | (SH +4) [demonic ancestry]
   347 | D:1      | Reached XP level 2. HP: 22/24 MP: 2/2
   412 | D:1      | Found Puoddizac's Assorted Antiques.
   495 | D:1      | Found Rovi's Distillery.
   523 | D:1      | Found Jinlog's Assorted Antiques.
   541 | D:1      | Found Hepnona's Assorted Antiques.
   777 | D:2      | Reached XP level 3. HP: 29/29 MP: 3/3
  1189 | D:3      | Found a runed translucent gate.
  1189 | D:3      | Found a runed translucent gate.
  1189 | D:3      | Found a runed translucent gate.
  1196 | D:3      | Noticed KittyFluff's ghost (amateur GrBe)
  1206 | D:3      | Identified the +2 spear of Brutal Revenge {flame, rF+ Str-3
                  | Stlth+}
  1206 | D:3      | Identified the +0 scale mail of Cheibriados's Esteem
                  | {+Blink Str-4 Dex+6 Slay+2}
  1211 | D:3      | Noticed a scorpion
  1230 | D:3      | Killed a scorpion
  1231 | D:3      | Gained mutation: You are partially covered in slimy green
                  | scales. (AC +2) [demonic ancestry]
  1231 | D:3      | Reached XP level 4. HP: 22/37 MP: 4/4
  1508 | D:3      | Gained mutation: A meltable icy envelope protects you from
                  | harm. (AC +4) [demonic ancestry]
  1508 | D:3      | Reached XP level 5. HP: 29/42 MP: 5/5
  1933 | D:4      | Reached XP level 6. HP: 35/48 MP: 6/6
  2213 | D:4      | Identified a scroll of acquirement
  2213 | D:4      | Acquired a +2 pair of gloves of stealth
  2790 | D:5      | Entered Level 5 of the Dungeon
  2929 | D:5      | Noticed Edmund
  2952 | D:5      | Killed Edmund
  2953 | D:5      | Reached skill level 5 in Axes
  2953 | D:5      | Gained mutation: You are mostly covered in slimy green
                  | scales. (AC +3) [demonic ancestry]
  2953 | D:5      | Reached XP level 7. HP: 42/55 MP: 7/7
  3025 | D:5      | Reached skill level 5 in Fighting
  3346 | D:5      | Found a staircase to the Ecumenical Temple.
  3363 | Temple   | Entered the Ecumenical Temple
  3396 | Temple   | Became a worshipper of Qazlal Stormbringer
  3434 | D:5      | Reached skill level 1 in Dodging
  3434 | D:5      | Reached skill level 1 in Invocations
  3461 | D:5      | Found a basalt altar of Yredelemnul.
  3527 | D:5      | Reached skill level 2 in Invocations
  3527 | D:5      | Gained mutation: You are completely covered in slimy green
                  | scales. (AC +4, rPois) [demonic ancestry]
  3527 | D:5      | Reached XP level 8. HP: 62/62 MP: 9/9
  3945 | D:5      | Noticed Menkaure
  3951 | D:5      | Killed Menkaure
  3952 | D:5      | Reached skill level 3 in Invocations
  4273 | D:6      | Found an opulent altar of Gozag.
  4436 | D:6      | Reached skill level 4 in Invocations
  4483 | D:6      | Reached * piety under Qazlal
  4498 | D:6      | Reached skill level 5 in Dodging
  4498 | D:6      | Reached skill level 5 in Invocations
  4768 | D:6      | Reached skill level 6 in Invocations
  4956 | D:6      | Gained mutation: You have a small tail. [demonic ancestry]
  4956 | D:6      | Reached XP level 9. HP: 57/68 MP: 13/13
  4991 | D:6      | Found a snail-covered altar of Cheibriados.
  4996 | D:6      | Found a shimmering altar of Xom.
  4996 | D:6      | Found an iron altar of Okawaru.
  5018 | D:6      | Found an ornate altar of the Wu Jian Council.
  5083 | D:7      | Reached skill level 7 in Invocations
  5319 | D:7      | Found a sacrificial altar of Ru.
  5600 | D:7      | Reached skill level 5 in Armour
  5600 | D:7      | Reached skill level 8 in Invocations
  5828 | D:7      | Reached ** piety under Qazlal
  6126 | D:7      | Reached skill level 9 in Invocations
  6195 | D:7      | Noticed a gargoyle
  6214 | D:7      | Killed a gargoyle
  6222 | D:7      | Reached skill level 10 in Invocations
  6222 | D:7      | Gained mutation: You have a tail ending in a sharp stinger.
                  | [demonic ancestry]
  6222 | D:7      | Reached XP level 10. HP: 37/74 MP: 17/17
  6672 | D:7      | Noticed a two-headed ogre
  6672 | D:7      | Noticed a boulder beetle
  6726 | D:7      | Reached skill level 11 in Invocations
  6728 | D:7      | Identified the ring of Peace {rN+ rCorr}
  6728 | D:7      | Noticed a deep elf pyromancer
  6732 | D:7      | Killed a two-headed ogre
  6742 | D:7      | Killed a deep elf pyromancer
  6808 | D:7      | Killed a boulder beetle
  6809 | D:7      | Reached skill level 12 in Invocations
  7289 | D:7      | Got the Tome of Mustering
  7639 | D:8      | Noticed Joseph
  7660 | D:8      | Killed Joseph
  7871 | D:8      | Found a runed translucent gate.
  7874 | D:8      | Found a runed translucent gate.
  7874 | D:8      | Found a runed translucent gate.
  7912 | D:8      | Noticed Kranky's ghost (novice GnWn)
  7935 | D:8      | Found a flagged portal.
  8113 | D:8      | Reached skill level 5 in Shields
  8527 | D:9      | Reached XP level 11. HP: 39/80 MP: 20/20
  9005 | D:9      | Found Paiwajaf's Magic Scroll Boutique.
  9020 | D:9      | Reached *** piety under Qazlal
  9052 | D:9      | Noticed Gastronok
  9079 | D:9      | Killed Gastronok
  9465 | D:10     | Entered Level 10 of the Dungeon
  9862 | D:10     | Found a staircase to the Orcish Mines.
 10566 | D:10     | Got the Book of the Deep Freeze
 11264 | D:11     | Found a staircase to the Lair.
 11295 | D:11     | Reached **** piety under Qazlal
 11613 | D:11     | Noticed an orc sorcerer
 11615 | D:11     | Found a transporter.
 11650 | D:11     | Found a transporter.
 11705 | D:11     | Noticed a fire crab
 11991 | D:12     | Noticed a two-headed ogre
 12099 | D:12     | Killed a two-headed ogre
 12316 | D:12     | Mangled by a large slime creature

Illustrated notes

Levels and vault maps discovered:
D:1:      minmay_arrival_widening_spiral_narrow, layout_rooms, serial_shops,
          nicolae_shop_temple_entry_statues_fountains, shop, shop,
          nicolae_lakefront_shop, nicolae_shop_window_shopping, serial_glass,
          glass_columns_a, glass_columns_c
D:2:      layout_rooms
D:3:      layout_rooms, biasface_ghost_orc_armoury
D:4:      layout_loops_ring, sigmund_army
D:5:      layout_loops_ring, kennysheep_ying_yang,
          minmay_temple_entry_proselytizer, uniq_edmund, uniq_menkaure
D:6:      layout_cave_pools, mainiacjoe_overflow_alcove_4,
          minmay_overflow_temple_star_hex, minmay_pentangle
D:7:      minmay_the_grid_triangle_9x9_rhombus_full
          [minmay_the_grid_triangle_9x9_negative_grid,
          minmay_the_grid_triangle_9x9_corruption,
          minmay_the_grid_triangle_9x9_wacky_v,
          minmay_the_grid_triangle_9x9_warning,
          minmay_the_grid_triangle_9x9_corrupted_corridor,
          minmay_the_grid_triangle_9x9_alien,
          minmay_the_grid_triangle_9x9_thin_v,
          minmay_the_grid_triangle_9x9_prize_insulated], layout_basic,
          lemuel_crystal_altar, eino_curves_02
D:8:      layout_rooms, enter_bailey_5, gammafunk_ghost_icy, uniq_joseph
D:9:      layout_irregular_city, serial_shops, shop, uniq_gastronok
D:10:     layout_cave_pools, david_orc_4, chequers_big_river, the_hattery
D:11:     gammafunk_wand_slinger, layout_cave_pools,
          due_lair_maze_entry_diamond, patterned_corridor
D:12:     minmay_quarter_circles, layout_cave_pods
Temple:   nicolae_temple_god_jail

Skill      XL: |  1  2  3  4  5  6  7  8  9 10 11 |
---------------+----------------------------------+-----
Axes           | 2 3 4 5 |  5.4
Shields        | 3 4 5 8 |  8.2
Fighting       | 4 5 |  5.3
Dodging        | 2 5 8 |  8.3
Invocations    | 2 6 10 12 | 12.6
Armour         | 3 6 8 |  8.7

Action                     |  1- 3 |  4- 6 |  7- 9 | 10-12 || total
---------------------------+-------+-------+-------+-------++-------
  Melee: War axe           |    80 |   148 |   389 |   532 ||  1149
         Tailslap          |       |       |    40 |   100 ||   140
    Use: Potion            |     2 |       |     1 |     8 ||    11
         Scroll            |       |    13 |     2 |    11 ||    26
   Stab: Sleeping          |       |       |     1 |       ||     1
 Armour: Scale mail        |    46 |    52 |    39 |       ||   137
         Chain mail        |       |       |   124 |   153 ||   277
         Plate armour      |       |       |       |   206 ||   206
  Dodge: Dodged            |    41 |    31 |    97 |   231 ||   400
  Block: Buckler           |    73 |   153 |   362 |   664 ||  1252
         Reflection        |     3 |     1 |     4 |     6 ||    14
